 Dungeon Crawl Stone Soup version 0.31-a0-232-gb1c03b2570 (webtiles) character file.

Game seed: 6340207902158188326

34 Ijustatesigmund the Stinger (level 3, -3/23 HPs)
             Began as an Octopode Venom Mage on July 7, 2023.
             Slain by an adder (4 damage)
             ... on level 1 of the Dungeon.
             The game lasted 00:02:26 (1410 turns).

Ijustatesigmund the Stinger (Octopode Venom Mage)   Turns: 1410, Time: 00:02:27

Health: -3/23      AC:  1    Str:  7    XL:     3   Next: 31%
Magic:  3/6        EV: 13    Int: 19    God:
Gold:   33         SH:  0    Dex: 12    Spells: 0/6 levels left

rFire   . . .        f - +0 short sword
rCold   . . .        (no shield)
rNeg    . . .        (helmet restricted)
rPois   .            (no amulet)
rElec   .            (no ring)
rCorr   .            (no ring)
SInv    .            (no ring)
Will    .....        (no ring)
Stlth   +++          (no ring)
HPRegen 0.23/turn    (no ring)
MPRegen 0.10/turn    (no ring)
                     (no ring)

%: no passive effects
@: lethally poisoned (-3 -> -5), hasted, invisible, very quick
A: almost no armour, amphibious, 8 rings, camouflage 1, gelatinous body 1,
(nimble swimmer 1), tentacles
a: no special abilities


You were on level 1 of the Dungeon.
You visited 1 branch of the dungeon, and saw 2 of its levels.

You collected 33 gold pieces.

Inventory:

Hand Weapons
 f - a +0 short sword (weapon)
Scrolls
 b - a scroll of fear {unknown}
 c - a scroll of teleportation {unknown}
 d - a scroll of enchant weapon {unknown}
 g - a scroll of immolation {unknown}
Potions
 a - 3 potions of magic


   Skills:
 - Level 1.1 Fighting
 - Level 2.0 Dodging
 - Level 2.6 Stealth
 + Level 2.4 Spellcasting
 + Level 0.2 Conjurations
 - Level 1.0 Transmutations
 + Level 0.9 Air Magic
 + Level 4.1 Poison Magic


You couldn't memorise any spells.
You knew the following spells:

 Your Spells              Type           Power      Damage    Failure   Level
a - Sting                 Tmut/Pois      48%        1d5       5%          1
b - Poisonous Vapours     Pois/Air       24%        N/A       9%          2
c - Mephitic Cloud        Conj/Pois/Air  9%         N/A       24%         3

Your spell library contained the following spells:

 Spells                   Type           Power      Damage    Failure   Level
 Magic Dart               Conj           12%        1d3       14%         1
 Searing Ray              Conj           6%         2d4       22%         2
 Olgreb's Toxic Radiance  Pois           18%        N/A       28%         4
 Fulminant Prism          Conj/Hex       1%         3d5       83%         4


Dungeon Overview and Level Annotations

Branches:
Dungeon (2/15)

Altars:


Innate Abilities, Weirdness & Mutations

You cannot wear most types of armour.
You are amphibious.
You can wear up to eight rings at the same time.
Your skin changes colour to match your surroundings (Stealth+).
Your rubbery body absorbs attacks. (AC +1, EV +1)
((You are camouflaged when in or above water. (Stealth+)))
You have tentacles for arms and can constrict up to eight enemies at once.


Message History

Aiming: Sting (safe; 5% risk of failure)
Press: ? - help, Shift-Dir - straight line, f - adder
Aim: an adder (53% to hit)
The sting misses the adder.
The adder bites you.
Casting: Sting (safe; 5% risk of failure)
Confirm with . or Enter, or press ? or * to list all spells.
Aiming: Sting (safe; 5% risk of failure)
Press: ? - help, Shift-Dir - straight line, f/p - adder
Aim: an adder (53% to hit)
The sting hits the adder.
The adder is poisoned.
The adder is moderately wounded.
The adder completely misses you.
You closely miss the adder. Your grab misses the adder.
The adder is heavily wounded.
The adder bites you.
You are poisoned.
The adder poisons you!
You barely miss the adder. You grab the adder.
The adder is heavily wounded.
You constrict the adder, but do no damage.
* * * LOW HITPOINT WARNING * * *
You feel sick. The adder closely misses you. The adder bites you.
* * * LOW HITPOINT WARNING * * *
Unknown command.
It was a potion of invisibility.
You fade into invisibility!
You constrict the adder.
* * * LOW HITPOINT WARNING * * *
You feel sick. The adder closely misses you.
It was a potion of haste.
You feel yourself speed up.
You constrict the adder.
* * * LOW HITPOINT WARNING * * *
You feel sick. The adder closely misses you.
You release your grip on the adder.
* * * LOW HITPOINT WARNING * * *
You feel sick.
You miss the adder. Your grab misses the adder.
You squeeze the adder, but do no damage.
The adder is almost dead.
The adder bites you.
You die...

####### #....# #.#
......# #....##
#.# ......#
#.....# #######
#.# ......#
##'##.# #.....#
#.#
......#######.##.#
#.....# #.#
......+.........>#
#.....# #.#
......#######.##.#
#.....# #.#
......# #.##S#
#.....###.#
......# #.##@#
#.........#
######## #....#
#......####
.......#
#..#####......#
.......# #.##
#.†......#######
.......# #.#
#.#.....##......
.......# ##.#
#.#.....##.#####
.......#####..#
#.#.....##.#####
.......##.....#
#†########.#....
.......##.....#
#.# #.#.###


You could see an adder (unable to see you, poisoned).

Vanquished Creatures
  An adder (D:1)
  2 dart slugs (D:1)
  4 endoplasms (D:1)
  3 giant cockroaches
  A goblin (D:1)
  2 quokkas (D:1)
  3 ball pythons
  2 kobolds (D:1)
  2 rats (D:1)
20 creatures vanquished.

Notes
Turn   | Place    | Note
-------+----------+-------------------------------------------
     0 | D:1      | Ijustatesigmund the Octopode Venom Mage began the quest for
                  | the Orb.
     0 | D:1      | Reached XP level 1. HP: 11/11 MP: 3/3
   363 | D:1      | Reached XP level 2. HP: 9/18 MP: 5/5
   366 | D:1      | Learned a level 2 spell: Poisonous Vapours
   756 | D:1      | Reached skill level 1 in Fighting
   756 | D:1      | Reached skill level 4 in Poison Magic
  1330 | D:2      | Reached XP level 3. HP: 23/23 MP: 3/6
  1334 | D:2      | Learned a level 3 spell: Mephitic Cloud
  1409 | D:1      | HP: 1/23 [poisoned by an adder]
  1410 | D:1      | Slain by an adder

Illustrated notes

Levels and vault maps discovered:
D:1:      mrwooster_arrival_statue_3, layout_basic, minmay_misc_feat_pillars
D:2:      minmay_recursive_quarters, layout_rooms, basic_altar,
          minmay_crystal_room, minmay_tall_x

Skill      XL: |  1  2 |
---------------+-------+-----
Fighting       | 1 |  1.1
Poison Magic   | 4 |  4.1
Dodging        | |  2.0
Stealth        | |  2.6
Spellcasting   | |  2.4
Conjurations   | |  0.2
Transmutations | |  1.0
Air Magic      | |  0.9

Action                     || total
---------------------------++-------
  Melee: Unarmed           ||    30
         Tentacles         ||    12
         Constrict         ||    10
         Punch             ||     1
         Short sword       ||    16
   Cast: Poisonous Vapours ||     7
         Sting             ||     7
    Use: Potion            ||     2
   Stab: Sleeping          ||     8
 Armour: Skin              ||     3
  Dodge: Dodged            ||    38

Table legend: (Time is in decaauts)
 A = Elapsed time spent in this place.
 B = Non-inter-level travel time spent in this place.
 C = Inter-level travel time spent in this place.
 D = Time resting spent in this place.
 E = Time spent auto-exploring this place.
 F = Levels seen in this place.
 G = Mean time per level.
                   A        B        C        D        E       F      G
               +--------+--------+--------+--------+--------+-----+--------+
         Total |   1409 |   1375 |     34 |    414 |    793 |   2 |  704.5 |
       Dungeon |   1409 |   1375 |     34 |    414 |    793 |   2 |  704.5 |
               +--------+--------+--------+--------+--------+-----+--------+

Top non-repeatable levels by time:
     D:1: 1313 daAuts
     D:2: 95 daAuts
